 Dungeon Crawl Stone Soup version 0.20.0-10-g0535bb4 (webtiles) character file.

280 anfisbena the Chopper (level 6, 0/57 HPs)
             Began as a Hill Orc Fighter on June 4, 2017.
             Slain by a slave (6 damage)
             ... led by Pikel
             ... on level 4 of the Dungeon.
             The game lasted 00:01:54 (2305 turns).

anfisbena the Chopper (Hill Orc Fighter)            Turns: 2305, Time: 00:01:54

Health: 0/57       AC:  9    Str: 24    XL:     6   Next: 27%
Magic:  6/6        EV:  7    Int:  8    God:
Gold:   187        SH:  9    Dex: 12    Spells: 5/5 levels left

rFire    . . .     SeeInvis .   a - +0 war axe
rCold    . . .     Gourm    .   c - +0 shield
rNeg     . . .     Faith    .   h - +0 scale mail {rPois}
rPois    +         Spirit   .   s - +0 helmet
rElec    .         Reflect  .   (no cloak)
rCorr    .         Harm     .   (no gloves)
MR       .....                  (no boots)
Stlth    ..........             (no amulet)
Regen    0.2/turn               b - +1 ring of protection
MPRegen  0.1/turn               n - +2 ring of slaying

@: mighty
A: no striking features
a: no special abilities


You were on level 4 of the Dungeon.
You were not hungry.

You visited 1 branch of the dungeon, and saw 4 of its levels.

You collected 187 gold pieces.

Inventory:

Hand Weapons
 a - a +0 war axe (weapon)
Armour
 c - a +0 shield (worn)
 h - a +0 scale mail of poison resistance (worn)
 s - a +0 helmet (worn)
Jewellery
 b - a +1 ring of protection (left hand)
 n - a +2 ring of slaying (right hand)
 v - a +5 ring of intelligence {unknown}
 y - an uncursed ring of fire {unknown}
 z - an uncursed ring of protection from cold {unknown}
Wands
 r - a wand of paralysis (15/24)
Scrolls
 e - 5 scrolls of identify {unknown}
 g - a scroll of random uselessness {unknown}
 i - 2 scrolls of remove curse {unknown}
 m - a scroll of teleportation {unknown}
 o - a scroll of magic mapping {unknown}
 p - a scroll of blinking {unknown}
 u - a scroll of immolation {unknown}
Potions
 j - a potion of lignification {unknown}
 w - a potion of curing
 x - a potion of heal wounds {unknown}
Comestibles
 f - a bread ration
 k - 13 fruits
 l - 2 meat rations
 q - 2 royal jellies


   Skills:
 + Level 6.2 Fighting
 + Level 6.3 Axes
 - Level 3.2 Armour
 - Level 3.2 Shields


You had 5 spell levels left.
You didn't know any spells.

Dungeon Overview and Level Annotations

Branches:
Dungeon (4/15)
 Temple: D:4-7

Altars:

Annotations:
D:4 Pikel


Message History

You kill the slave!
That felt strangely unrewarding.
You slash the slave! You hit the slave. You slash the slave!
The slave hits you.
* * * LOW HITPOINT WARNING * * *
The slave closely misses you. The slave hits you.
* * * LOW HITPOINT WARNING * * *
Pikel cracks his whip.
Pikel hits you with a whip of freezing.
* * * LOW HITPOINT WARNING * * *
Pikel freezes you.
* * * LOW HITPOINT WARNING * * *
The slave completely misses you. The slave hits you but does no damage.
You slash Pikel!
Pikel is almost dead.
You closely miss the slave. You slash the slave!
You kill the slave!
That felt strangely unrewarding.
Your shield and scale mail prevent you from hitting the slave.
The slave hits you.
You die...

#. ...# #. ..$
#.####..
#)..... ..... #
..####...##.###
.......pK......
......[@[......
.#.###!.p...###
#..##.## #..# #
.... ##... #.##
#.


You could see Pikel and 2 slaves.

Vanquished Creatures
  The ghost of Vajrapani the Digger, an amateur OgEE (D:3)
  2 slaves (D:4)
  3 gnolls (D:3)
  3 adders
  A shadow imp (D:3)
  2 oozes
  A worm (D:3)
  2 leopard geckos
  An orc (D:3)
  3 ball pythons
  A giant cockroach (D:2)
  7 goblins
  9 hobgoblins
  2 jackals (D:2)
  6 kobolds
  4 quokkas
  10 bats
  3 frilled lizards
  5 rats
66 creatures vanquished.

Notes
Turn   | Place    | Note
-------+----------+-------------------------------------------
     0 | D:1      | anfisbena the Hill Orc Fighter began the quest for the Orb.
     0 | D:1      | Reached XP level 1. HP: 19/19 MP: 1/1
   148 | D:1      | Reached XP level 2. HP: 27/27 MP: 2/2
   842 | D:2      | Reached XP level 3. HP: 31/33 MP: 3/3
  1426 | D:3      | Reached XP level 4. HP: 35/41 MP: 4/4
  1758 | D:3      | Reached skill level 5 in Axes
  1839 | D:3      | Reached skill level 5 in Fighting
  1842 | D:3      | Reached XP level 5. HP: 44/48 MP: 5/5
  2206 | D:3      | Noticed Vajrapani's ghost (amateur OgEE)
  2222 | D:3      | Killed Vajrapani's ghost
  2222 | D:3      | Reached XP level 6. HP: 53/57 MP: 6/6
  2295 | D:4      | Noticed Pikel
  2295 | D:4      | Noticed a slave
  2295 | D:4      | Noticed a slave
  2295 | D:4      | Noticed a slave
  2298 | D:4      | Noticed a slave
  2304 | D:4      | Killed a slave
  2305 | D:4      | Killed a slave
  2305 | D:4      | Slain by a slave

Skill      XL: |  1  2  3  4  5 |
---------------+----------------+-----
Axes           | 3 4 5 6 |  6.3
Fighting       | 4 5 6 |  6.2
Armour         | |  3.2
Shields        | |  3.2

Action                   |  1- 3 |  4- 6 || total
-------------------------+-------+-------++-------
Melee: War axe           |   102 |   102 ||   204
  Use: Potion            |       |     1 ||     1
  Eat: Chunk             |     2 |     3 ||     5
Armor: Scale mail        |    55 |    65 ||   120
Dodge: Dodged            |    34 |    39 ||    73
Block: Shield            |    53 |    50 ||   103
